 Dungeon Crawl Stone Soup version 0.32-a0-791-gfc315c9ecd (webtiles) character file.

Game seed: 303594779449368728

92 backslashecho the Digger (level 4, -8/27 HPs)
             Began as an Octopode Earth Elementalist on Mar 20, 2024.
             Mangled by a sleepcap (9 damage)
             ... on level 4 of the Dungeon.
             The game lasted 00:05:50 (2744 turns).

backslashecho the Digger (OpEE)                     Turns: 2744, Time: 00:05:50

Health: -8/27      AC:  1    Str:  7    XL:     4   Next: 60%
Magic:  2/8        EV: 13    Int: 19    God:
Gold:   174        SH:  0    Dex: 18    Spells: 1/8 levels left

rFire   . . .        a - +0 dagger (elec)
rCold   . . .        (no shield)
rNeg    . . .        (helmet restricted)
rPois   .            o - amulet of the acrobat
rElec   .            d - +6 ring of dexterity
rCorr   .            r - +4 ring of slaying
SInv    .            (no ring)
Will    .....        (no ring)
Stlth   +++          (no ring)
HPRegen 0.24/turn    (no ring)
MPRegen 0.11/turn    (no ring)
                     (no ring)

%: acrobat
@: no status effects
A: almost no armour, amphibious, 8 rings, camouflage 1, gelatinous body 1,
(nimble swimmer 1), tentacles
a: no special abilities


You were on level 4 of the Dungeon.
You visited 1 branch of the dungeon, and saw 4 of its levels.

You collected 174 gold pieces.

Inventory:

Hand Weapons
 a - a +0 dagger of electrocution (weapon)
Jewellery
 d - a +6 ring of dexterity (left tentacle)
 o - an amulet of the acrobat (around mantle)
 r - a +4 ring of slaying (right tentacle)
Scrolls
 b - a scroll of amnesia {unknown}
 c - 3 scrolls of immolation {unknown}
 g - a scroll of summoning {unknown}
 k - a scroll of vulnerability {unknown}
 l - a scroll of brand weapon {unknown}
 n - a scroll of silence {unknown}
 p - a scroll of fog {unknown}
 q - 3 scrolls of identify {unknown}
 s - a scroll of blinking {unknown}
 u - a scroll of noise {unknown}
Potions
 e - 4 potions of curing {unknown}
 f - a potion of magic
 h - a potion of enlightenment {unknown}
 i - a potion of brilliance {unknown}
 j - a potion of cancellation {unknown}
 t - a potion of haste {unknown}


   Skills:
 + Level 2.9 Dodging
 - Level 2.6 Stealth
 + Level 2.7 Spellcasting
 + Level 2.1 Conjurations
 + Level 3.6 Earth Magic


You had one spell level left.
You knew the following spells:

 Your Spells              Type           Power      Damage    Failure   Level
a - Sandblast             Erth           32%        2d9       3%          1
b - Passwall              Erth           16%        N/A       11%         3
c - Stone Arrow           Conj/Erth      26%        3d8       14%         3

Your spell library contained the following spells:

 Spells                   Type           Power      Damage    Failure   Level
 Apportation              Tloc           4%         N/A       16%         1
 Jinxbite                 Hex            4%         N/A       24%         2
 Lesser Beckoning         Tloc           4%         N/A       24%         2
 Gell's Gravitas          Tloc           2%         N/A       43%         3
 Teleport Other           Tloc           2%         N/A       43%         3
 Brom's Barrelling Bould  Conj/Erth      13%        2d4       43%         4
 Petrify                  Alch/Erth      9%         N/A       58%         4
 Alistair's Intoxication  Alch           1%         N/A       99%         5


Dungeon Overview and Level Annotations

Branches:
Dungeon (4/15)
 Temple: D:4-7

Altars:
Makhleb
Trog
Uskayaw

Shops:
D:1 [

Annotations:
D:2 Sigmund


Innate Abilities, Weirdness & Mutations

You cannot wear most types of armour.
You are amphibious.
You can wear up to eight rings at the same time.
Your skin changes colour to match your surroundings (Stealth+).
Your rubbery body absorbs attacks. (AC +1, EV +1)
((You are camouflaged when in or above water. (Stealth+)))
You have tentacles for arms and can constrict up to eight enemies at once.


Message History

Found a scroll labelled HECE JIASAS.
Found an escape hatch in the ceiling.
There is a stone staircase leading up here.
q - 3 scrolls labelled HECE JIASAS (gained 1)
Found a ring mail.
You see here a +0 ring mail.
A goblin comes into view. It is wielding a +0 club.
A goblin is nearby!
The goblin shouts!
Casting: Sandblast (safe; 3% risk of failure)
Confirm with . or Enter, or press ? or * to list all spells.
Aiming: Sandblast (safe; 3% risk of failure)
Press: ? - help, Shift-Dir - straight line, f - goblin
Aim: a goblin, wielding a +0 club (77% to hit)
You miscast Sandblast.
You are very lightly contaminated with residual magic.
Nothing appears to happen.
You now have 7/8 mp.
You hit the goblin. You grab the goblin.
The goblin is severely wounded.
You constrict the goblin.
You kill the goblin!
Things that are here:
a +0 club; a goblin corpse Your magical contamination has completely faded away.
Magic restored.
An endoplasm and a dart slug come into view.
MP restored: 8
There are monsters nearby!
Casting: Sandblast (safe; 3% risk of failure)
Confirm with . or Enter, or press ? or * to list all spells.
Aiming: Sandblast (safe; 3% risk of failure)
Press: ? - help, Shift-Dir - straight line, f - dart slug
Aim: a dart slug (asleep, 100% to hit)
The blast of sand hits the dart slug!
You kill the dart slug!
You now have 7/8 mp.
You see here a dart slug corpse.
Casting: Sandblast (safe; 3% risk of failure)
Confirm with . or Enter, or press ? or * to list all spells.
Aiming: Sandblast (safe; 3% risk of failure)
Press: ? - help, Shift-Dir - straight line, f - endoplasm
Aim: an endoplasm (asleep, 100% to hit)
The blast of sand hits the endoplasm!
You kill the endoplasm!
You now have 6/8 mp.
A hobgoblin comes into view.
MP restored: 8 A hobgoblin is nearby!
Casting: Sandblast (safe; 3% risk of failure)
Confirm with . or Enter, or press ? or * to list all spells.
You can't see any susceptible monsters within range! (Use Z to cast anyway.)
Casting: Sandblast (safe; 3% risk of failure)
Confirm with . or Enter, or press ? or * to list all spells.
Aiming: Sandblast (safe; 3% risk of failure)
Press: ? - help, Shift-Dir - straight line, f - hobgoblin
Aim: a hobgoblin (asleep, 100% to hit)
The blast of sand hits the hobgoblin!
You kill the hobgoblin!
You now have 7/8 mp.
You see here a hobgoblin corpse.
Found 6 stones.
MP restored: 8 A sleepcap is nearby!
Casting: Sandblast (safe; 3% risk of failure)
Confirm with . or Enter, or press ? or * to list all spells.
Aiming: Sandblast (safe; 3% risk of failure)
Press: ? - help, Shift-Dir - straight line, f - sleepcap
Aim: a sleepcap (wandering, hasn't noticed you, 100% to hit)
The blast of sand hits the sleepcap but does no damage.
You now have 7/8 mp.
Casting: Sandblast (safe; 3% risk of failure)
Confirm with . or Enter, or press ? or * to list all spells.
Aiming: Sandblast (safe; 3% risk of failure)
Press: ? - help, Shift-Dir - straight line, f/p - sleepcap
Aim: a sleepcap (100% to hit)
The blast of sand hits the sleepcap but does no damage.
You now have 6/8 mp.
Casting: Sandblast (safe; 3% risk of failure)
Confirm with . or Enter, or press ? or * to list all spells.
Aiming: Sandblast (safe; 3% risk of failure)
Press: ? - help, Shift-Dir - straight line, f/p - sleepcap
Aim: a sleepcap (100% to hit)
The blast of sand hits the sleepcap!
The sleepcap is moderately damaged.
The sleepcap releases spores at you!
You are engulfed in a cloud of soporific spores!
You fall asleep.
The sleepcap releases spores at you!!
You wake up.
Ouch! That really hurt!
* * * LOW HITPOINT WARNING * * *
You take 26 damage, and have 1/27 hp.
MASSIVE DAMAGE!!
You now have 5/8 mp.
Casting: Sandblast (safe; 3% risk of failure)
Confirm with . or Enter, or press ? or * to list all spells.
Aiming: Stone Arrow (quite dangerous; 14% risk of failure)
Press: ? - help, Shift-Dir - straight line, f/p - sleepcap
Aim: a sleepcap (moderately damaged, 100% to hit)
The stone arrow hits the sleepcap but does no damage.
The sleepcap is moderately damaged.
The sleepcap releases spores at you!
You die...

###############
#.......†.....#
#.#.######.##@#
#.#.# #.##f# #.#.#
#.##.# ##.#.#
#.##.# ###....####
#.##.#
†...........#.##(#
###....#.##.#.##.#
##.#.#.# #.##.#
#.#.# #


You could see a sleepcap.

Vanquished Creatures
  4 adders
  2 dart slugs
  An orc (D:3)
  5 ball pythons
  4 bats
  7 endoplasms
  2 giant cockroaches (D:2)
  6 goblins
  4 hobgoblins
  4 kobolds
  4 quokkas
  4 rats
47 creatures vanquished.

Notes
Turn   | Place    | Note
-------+----------+-------------------------------------------
     0 | D:1      | backslashecho the Octopode Earth Elementalist began the
                  | quest for the Orb.
     0 | D:1      | Reached XP level 1. HP: 11/11 MP: 3/3
   168 | D:1      | Found Jutav's Antique Armour Emporium.
   433 | D:1      | Reached XP level 2. HP: 15/17 MP: 5/5
   771 | D:2      | Noticed Sigmund
   930 | D:2      | Reached XP level 3. HP: 19/21 MP: 0/6
   994 | D:2      | Found a burning altar of Makhleb.
  1142 | D:2      | Learned a level 3 spell: Passwall
  1305 | D:2      | Reached XP level 4. HP: 27/27 MP: 4/7
  1336 | D:2      | Learned a level 3 spell: Stone Arrow
  1798 | D:3      | Found a hide-covered altar of Uskayaw.
  1944 | D:3      | Found a faded altar of an unknown god.
  1978 | D:3      | Found a bloodstained altar of Trog.
  2743 | D:4      | HP: 1/27 [sleepcap (19)]
  2744 | D:4      | Mangled by a sleepcap

Illustrated notes

Levels and vault maps discovered:
D:1:      orjb1_lava_funnel, layout_basic, serial_shops, shop
D:2:      layout_basic, basic_altar, minmay_surrounded, uniq_sigmund
D:3:      layout_loops_ring, lemuel_round_altar, mainiacjoe_overflow_paths,
          ebering_ecumenical_altar_abandoned, minmay_stone_trees_small
D:4:      layout_loops_ring, minmay_temple_entry_waves

Skill      XL: |  1  2  3 |
---------------+----------+-----
Conjurations   | 2 |  2.1
Dodging        | |  2.9
Stealth        | |  2.6
Spellcasting   | |  2.7
Earth Magic    | |  3.6

Action                     |  1- 3 |  4- 6 || total
---------------------------+-------+-------++-------
  Melee: Unarmed           |     3 |       ||     3
         Constrict         |     3 |     3 ||     6
         Dagger            |     3 |    10 ||    13
         Tentacles         |     1 |     1 ||     2
   Cast: Sandblast         |    36 |    29 ||    65
         Stone Arrow       |       |     1 ||     1
    Use: Scroll            |       |     3 ||     3
   Stab: Sleeping          |       |     1 ||     1
 Armour: Skin              |    11 |    13 ||    24
  Dodge: Dodged            |    16 |    11 ||    27

Table legend: (Time is in decaauts)
 A = Elapsed time spent in this place.
 B = Non-inter-level travel time spent in this place.
 C = Inter-level travel time spent in this place.
 D = Time resting spent in this place.
 E = Time spent auto-exploring this place.
 F = Levels seen in this place.
 G = Mean time per level.
                   A        B        C        D        E       F      G
               +--------+--------+--------+--------+--------+-----+--------+
         Total |   2774 |   2560 |    214 |    134 |   1999 |   4 |  693.5 |
       Dungeon |   2774 |   2560 |    214 |    134 |   1999 |   4 |  693.5 |
               +--------+--------+--------+--------+--------+-----+--------+

Top non-repeatable levels by time:
     D:2: 992 daAuts
     D:3: 890 daAuts
     D:1: 764 daAuts
     D:4: 127 daAuts
